 Dungeon Crawl Stone Soup version 0.30.0-10-gfe55d96785 (webtiles) character file.

Game seed: 2053202506746660661

401 Irreverend the Ruffian (level 6, -4/62 HPs)
             Began as a Troll Fighter on May 15, 2023.
             Was an Initiate of Wu Jian.
             Succumbed to Duvessa's poison
             ... on level 4 of the Dungeon.
             The game lasted 00:06:12 (2565 turns).

Irreverend the Ruffian (Troll Fighter)              Turns: 2565, Time: 00:06:12

Health: -4/62      AC:  9    Str: 25    XL:     6   Next: 54%
Magic:  5/5        EV:  9    Int:  6    God:    Wu Jian [......]
Gold:   217        SH:  8    Dex:  9    Spells: 5/5 levels left

rFire   . .          .
                       - Unarmed
rCold   . . .        b - +0 kite shield
rNeg    . . .        a - +0 robe
rPois   .            (helmet restricted)
rElec   .            j - +0 cloak
rCorr   .            (gloves unavailable)
SInv    .            (boots unavailable)
Will    .....        l - amulet of the acrobat
Stlth   +            f - +4 ring of protection
HPRegen 1.10/turn    (no ring)
MPRegen 0.09/turn

%: acrobat
@: lethally poisoned (-4 -> -40)
A: large, unfitting armour, claws 3, regeneration 1, shaggy fur 1, tough skin 1
a: Renounce Religion


You were on level 4 of the Dungeon.
You worshipped Wu Jian.
Wu Jian was noncommittal.
You visited 2 branches of the dungeon, and saw 5 of its levels.

You collected 217 gold pieces.

Inventory:

Missiles
 s - 2 throwing nets (quivered)
Armour
 a - a +0 robe (worn)
 b - a +0 kite shield (worn)
 j - a +0 cloak (worn)
Jewellery
 f - a +4 ring of protection (left claw)
 l - an amulet of the acrobat (around neck)
 m - a ring of flight
Wands
 o - a wand of digging (6)
Scrolls
 e - 3 scrolls of identify {unknown}
 g - a scroll of noise {unknown}
 h - 3 scrolls of magic mapping {unknown}
 i - 2 scrolls of teleportation {unknown}
 k - 3 scrolls of fog {unknown}
Potions
 c - 2 potions of might
 d - 2 potions of attraction {unknown}
 n - a potion of curing {unknown}
 p - 3 potions of haste {unknown}
 q - 2 potions of brilliance {unknown}
 r - a potion of heal wounds {unknown}


   Skills:
 + Level 3.6 Fighting
 - Level 2.4 Dodging
 + Level 4.1 Shields
 * Level 5.1 Unarmed Combat


You had 5 spell levels left.
You didn't know any spells.
Your spell library contained the following spells:

 Spells                   Type           Power      Damage    Failure   Level
 Apportation              Tloc           0%         N/A       71%         1
 Necrotise                Necr           0%         1d4       71%         1
 Slow                     Hex            0%         N/A       71%         1
 Summon Small Mammal      Summ           0%         N/A       71%         1
 Blink                    Tloc           0%         N/A       83%         2
 Lesser Beckoning         Tloc           0%         N/A       83%         2
 Momentum Strike          Conj/Tloc      0%         3d8       83%         2
 Confusing Touch          Hex            0%         N/A       97%         3
 Inner Flame              Hex/Fire       0%         N/A       97%         3
 Vampiric Draining        Necr           0%         2d6       97%         3
 Yara's Violent Unravell  Hex/Tmut       0%         3d3       100%        5
 Enfeeble                 Hex            0%         N/A       100%        7


Dungeon Overview and Level Annotations

Branches:
Dungeon (4/15)             Temple (1/1) D:4

Altars:
Ashenzari
Dithmenos
Elyvilon
Fedhas
Kikubaaqudgha
Makhleb
Okawaru
Ru
Sif Muna
Trog
Uskayaw
Wu Jian
Xom
Yredelemnul
Zin
The Shining One

Shops:
D:2 **[*

Annotations:
D:3 1 runed translucent door, avis's ghost, amateur HOMo
D:4 Dowan


Innate Abilities, Weirdness & Mutations

You are too large for most types of armour.
You have claws for hands.
Your natural rate of healing is unusually fast.
You are covered in fur. (AC +1)
You have tough skin. (AC +1)


Message History

Duvessa is heavily wounded.
You feel very sick. You block Duvessa's attack. Dowan closely misses you.
You block Duvessa's attack.
You feel sick. Duvessa closely misses you.
You feel sick.
Duvessa hits you with a +3 short sword of venom.
You are more poisoned.
You closely miss Duvessa.
Duvessa is heavily wounded.
You feel very sick. You block Duvessa's attack.
You barely miss Duvessa.
Duvessa is heavily wounded.
You feel very sick. You block Duvessa's attack. Duvessa closely misses you.
You claw Duvessa!
Duvessa is almost dead.
You feel sick. Duvessa hits you but does no damage.
You are more poisoned.
You barely miss Duvessa.
Duvessa is almost dead.
You feel very sick.
Duvessa hits you with a +3 short sword of venom!
You are more poisoned.
Duvessa hits you with a +3 short sword of venom!
You are lethally poisoned!
You barely miss Duvessa.
Duvessa is almost dead.
* * * LOW HITPOINT WARNING * * *
You feel extremely sick.
Duvessa hits you with a +3 short sword of venom.
* * * LOW HITPOINT WARNING * * *
You are more poisoned.
You scratch Duvessa.
You kill Duvessa!
The Council accepts your kill.
Dowan's eyes darken. "You have made a black mistake."
Dowan seems to find hidden reserves of power!
You die...

... #....###.#.#### #..
#..###.#.# #..# ##)....#.#
... ##..##.##.#
#.###....#.##.#
##.#...........
#e..........#.#
#)#...####..#.####
#.#@#...# #..#..##.
#.#.#...####..#.....
#####..................#
............#####...####
##........#..###....####.
.........#.....##..#...##..
........###...###.###.....#
#.#.........).)..###.>..#.
....#.).).#..##.##....##.


You could see Dowan (fast).

Vanquished Creatures
  Duvessa (D:4)
  A black bear (D:4)
  A hound (D:4)
  Natasha (twice) (D:4)
  6 adders
  9 gnolls
  2 worms (D:2)
  2 dart slugs (D:3)
  3 orcs
  4 endoplasms
  5 giant cockroaches
  7 goblins
  4 hobgoblins
  2 jackals (D:4)
  7 quokkas
  11 ball pythons
  7 bats
  2 frilled lizards
  7 kobolds
  8 rats
91 creatures vanquished.

Notes
Turn   | Place    | Note
-------+----------+-------------------------------------------
     0 | D:1      | Irreverend the Troll Fighter began the quest for the Orb.
     0 | D:1      | Reached XP level 1. HP: 22/22 MP: 0/0
   202 | D:1      | Reached XP level 2. HP: 27/29 MP: 1/1
   214 | D:1      | Found a faded altar of an unknown god.
   723 | D:2      | Reached XP level 3. HP: 36/36 MP: 2/2
   773 | D:2      | Reached skill level 3 in Unarmed Combat
   865 | D:2      | Identified the +4 chain mail "Lochomm" {rElec Str+6 Int-2}
   882 | D:2      | Reached XP level 4. HP: 44/44 MP: 3/3
   950 | D:2      | Found Ucyuggug's Assorted Antiques.
  1008 | D:2      | Found Qunoeq's General Store.
  1083 | D:2      | Found Tam Joun's Armour Shoppe.
  1187 | D:2      | Found a shimmering altar of Xom.
  1267 | D:2      | Found Plog's General Store.
  1608 | D:3      | Found a runed translucent door.
  1609 | D:3      | Noticed avis's ghost (amateur HOMo)
  2123 | D:4      | Found a staircase to the Ecumenical Temple.
  2142 | D:4      | Found an iron altar of Okawaru.
  2166 | D:4      | Reached XP level 5. HP: 50/53 MP: 4/4
  2172 | Temple   | Entered the Ecumenical Temple
  2193 | Temple   | Became a worshipper of the Wu Jian Council
  2220 | D:4      | Reached skill level 4 in Unarmed Combat
  2273 | D:4      | Noticed Natasha
  2279 | D:4      | Killed Natasha
  2309 | D:4      | Reached XP level 6. HP: 48/61 MP: 5/5
  2362 | D:4      | Found a white marble altar of Elyvilon.
  2363 | D:4      | Noticed Natasha
  2367 | D:4      | Killed Natasha
  2430 | D:4      | Reached skill level 5 in Unarmed Combat
  2439 | D:4      | Found a blossoming altar of Fedhas.
  2549 | D:4      | Noticed Duvessa
  2549 | D:4      | Noticed Dowan
  2565 | D:4      | Killed Duvessa
  2565 | D:4      | Succumbed to Duvessa's poison

Illustrated notes

Levels and vault maps discovered:
D:1:      tarquinn_simple_flora_water_d, layout_loops_ring,
          chequers_ecumenical_altar_simple_redux, grunt_decor_mini_mirrors,
          minmay_pentomino_w2
D:2:      layout_rooms, basic_altar, serial_shops, nicolae_shop_crystal,
          nicolae_shop_hallway_plus, nicolae_shop_window_shopping, shop,
          minmay_three_crescents
D:3:      layout_basic, ebering_ghost_inner_flame, glass_columns_b,
          minmay_pentomino_pile
D:4:      layout_loops_ring, mainiacjoe_overflow_small_starburst,
          general_overflow_altar, okawaru_ov_weapons_minmay,
          minmay_temple_entry_wispy, minmay_strange_pillars, uniq_menkaure,
          uniq_duvessa, uniq_natasha
Temple:   nicolae_temple_ecumenical_triangle

Skill      XL: |  1  2  3  4  5  6 |
---------------+-------------------+-----
Shields        | 3 4 |  4.1
Unarmed Combat | 3 4 5 |  5.1
Fighting       | 3 |  3.6
Dodging        | |  2.4

Action                     |  1- 3 |  4- 6 || total
---------------------------+-------+-------++-------
  Melee: Unarmed           |   102 |   168 ||   270
Ability: Lunge             |       |     4 ||     4
 Armour: Robe              |    48 |    49 ||    97
  Dodge: Dodged            |    34 |    46 ||    80
  Block: Kite shield       |    52 |    67 ||   119
